 Dungeon Crawl Stone Soup version 0.29.0-4-gdea44cf6ec (webtiles) character file.

Game seed: 440058939662123266

47 qw the Chopper (level 3, -6/21 HPs)
             Began as a Tengu Warper on Aug 28, 2022.
             Mangled by a gnoll
             ... wielding a +0 flail
              (8 damage)
             ... on level 3 of the Dungeon.
             The game lasted 00:00:11 (2058 turns).

qw the Chopper (Tengu Warper)                       Turns: 2058, Time: 00:00:12

Health: -6/21      AC:  8    Str: 13    XL:     3   Next: 70%
Magic:  7/7        EV:  5    Int: 13    God:
Gold:   109        SH:  3    Dex: 13    Spells: 6/6 levels left

rFire   . . .      SeeInvis .   Y - +0 war axe
rCold   . . .      Faith    .   h - +0 buckler
rNeg    . . .      Spirit   .   e - +0 chain mail
rPois   .          Reflect  .   (helmet restricted)
rElec   .          Harm     .   (no cloak)
rCorr   .          Rampage  .   (no gloves)
Will    .....                   (boots unavailable)
Stlth   ..........              (no amulet)
HPRegen 0.07/turn               (no ring)
MPRegen 0.10/turn               (no ring)

@: no status effects
A: beak, talons 3
a: no special abilities


You were on level 3 of the Dungeon.
You visited 1 branch of the dungeon, and saw 3 of its levels.

You collected 109 gold pieces.


Innate Abilities, Weirdness & Mutations

You have a beak for a mouth.
You have claws for feet.


   Skills:
 - Level 2.0 Fighting
 - Level 4.3 Axes
 - Level 1.0 Throwing
 - Level 1.1 Armour
 - Level 2.1 Dodging
 + Level 0.2 Shields
 - Level 2.0 Spellcasting
 - Level 2.4 Translocations


You had 6 spell levels left.
You didn't know any spells.
Your spell library contained the following spells:

 Spells                   Type           Power      Damage    Failure   Level
 Blink                    Tloc           14%        N/A       100%        2
 Gell's Gravitas          Tloc           7%         N/A       100%        3
 Lesser Beckoning         Tloc           7%         N/A       100%        3
 Teleport Other           Tloc           7%         N/A       100%        3
 Manifold Assault         Tloc           7%         N/A       100%        5

Inventory:

Hand Weapons
 a - a +0 whip
 Y - a +0 war axe (weapon)
Missiles
 c - 6 boomerangs (quivered)
Armour
 e - a +0 chain mail (worn)
 h - a +0 buckler (worn)
Scrolls
 d - a scroll of identify
Potions
 b - a potion of ambrosia {unknown}
 f - a potion of attraction {unknown}
 g - a potion of lignification {unknown}
 i - a potion of brilliance {unknown}

Dungeon Overview and Level Annotations

Branches:
Dungeon (3/15)

Altars:
Wu Jian


Message History

There is an open door here.
There is a stone staircase leading down here.
You climb downwards.
There is a stone staircase leading up here.
Existing waypoints: (1) D:2 (2) D:1 Assign waypoint to what number? (0-9, D - delete waypoint) Waypoint 2 re-assigned from D:1 to D:3.
You now have 109 gold pieces (gained 10).
Found a ring mail.
Enter note:
Found a stone staircase leading down.
A gnoll comes into view. It is wielding a +0 spear.
The gnoll shouts!
You hear a shout!
A gnoll comes into view. It is wielding a +0 flail.
2051 ||| Stepping ~*~*~tactically~*~*~ (stealth). 2 gnolls come into view.
The gnoll shouts!
The gnoll hits you with a +0 spear.
2053 ||| Stepping ~*~*~tactically~*~*~ (stealth).
The gnoll shouts!
An orc comes into view. It is wielding a +0 club.
The gnoll hits you but does no damage.
The gnoll hits you from afar with a +0 spear.
You barely miss the gnoll.
The gnoll hits you from afar with a +0 spear.
You barely miss the gnoll. Your kick misses the gnoll.
The gnoll barely misses you. You block the gnoll's attack.
You hit the gnoll.
The gnoll is moderately wounded.
You hit the gnoll. The gnoll hits you with a +0 spear.
The gnoll hits you with a +0 flail. The gnoll hits you but does no damage.
You hit the gnoll. Your kick misses the gnoll.
The gnoll is heavily wounded.
You slash the gnoll! You block the gnoll's attack.
The gnoll hits you from afar with a +0 spear.
The gnoll hits you with a +0 flail. The gnoll hits you with a +0 flail!
You die...

# # ### .# #...# ..#
.#.##..# # .go...#
#..####gg.#
#......@#######
.....>........##
..#.#########..#####
# .............#
.######.#.##.#
#<........#
####...##.#
#.......#.##
#.#.....#..#


You could see 3 gnolls and an orc.

Vanquished Creatures
  An adder (D:2)
  A worm (D:2)
  A dart slug (D:1)
  2 bats
  An endoplasm (D:1)
  A goblin (D:1)
  2 hobgoblins (D:1)
  2 jackals (D:2)
  4 kobolds
  2 quokkas (D:1)
  8 ball pythons
  4 frilled lizards
  3 rats
32 creatures vanquished.

Vanquished Creatures (others)
  2 withered plants (D:3)
2 creatures vanquished.

Grand Total: 34 creatures vanquished

Notes
Turn   | Place    | Note
-------+----------+-------------------------------------------
     0 | D:1      | qw the Tengu Warper began the quest for the Orb.
     0 | D:1      | Reached XP level 1. HP: 12/12 MP: 4/4
     0 | D:1      | 0 ||| qw: Version: 0.1-a-89-g26bdef1
     0 | D:1      | 0 ||| qw: Game counter: 2012
     0 | D:1      | 0 ||| qw: Always use a shield: true
     0 | D:1      | 0 ||| qw: God list: Okawaru
     0 | D:1      | 0 ||| qw: Allow faded altars: false
     0 | D:1      | 0 ||| qw: Do Orc after D:15 true
     0 | D:1      | 0 ||| qw: Do second Lair branch before Depths: true
     0 | D:1      | 0 ||| qw: Lair rune preference: random
     0 | D:1      | 0 ||| qw: Plans: Normal
     0 | D:1      | 0 ||| PLANNING D:1-11
    25 | D:1      | Found a faded altar of an unknown god.
    63 | D:1      | 63 ||| SWAPPING to +0 hand axe of draining.
    64 | D:1      | 64 ||| DROPPING +0 hand axe.
   181 | D:1      | Reached XP level 2. HP: 17/17 MP: 6/6
   185 | D:1      | Reached skill level 3 in Axes
   304 | D:1      | 304 ||| Stepping ~*~*~tactically~*~*~ (hiding).
   307 | D:1      | 307 ||| Stepping ~*~*~tactically~*~*~ (hiding).
   668 | D:1      | 668 ||| UPGRADING to +0 chain mail.
   678 | D:1      | 678 ||| DROPPING +0 leather armour.
   679 | D:1      | 679 ||| READING scroll labelled WETI KIZYO.
   811 | D:1      | 811 ||| READING 2 scrolls labelled OHOEPN YGGUY.
   812 | D:1      | 812 ||| READING scroll labelled HOHARY OSATU.
   813 | D:1      | 813 ||| DROPPING scroll of blinking.
   956 | D:2      | Reached XP level 3. HP: 21/21 MP: 7/7
  1231 | D:2      | Reached skill level 4 in Axes
  1272 | D:2      | Found an ornate altar of the Wu Jian Council.
  1470 | D:2      | 1470 ||| SWAPPING to +0 war axe.
  1476 | D:2      | 1476 ||| DROPPING +0 hand axe of draining.
  1503 | D:2      | 1503 ||| Stepping ~*~*~tactically~*~*~ (stealth).
  1504 | D:2      | 1504 ||| Stepping ~*~*~tactically~*~*~ (stealth).
  1516 | D:2      | 1516 ||| FLEEEEING.
  1517 | D:2      | 1517 ||| FLEEEEING.
  1518 | D:2      | 1518 ||| FLEEEEING.
  1519 | D:2      | 1519 ||| FLEEEEING.
  1520 | D:2      | 1520 ||| FLEEEEING.
  1521 | D:2      | 1521 ||| FLEEEEING.
  1522 | D:2      | 1522 ||| FLEEEEING.
  1524 | D:2      | 1524 ||| FLEEEEING.
  1525 | D:2      | 1525 ||| FLEEEEING.
  1534 | D:2      | 1534 ||| FLEEEEING.
  1535 | D:2      | 1535 ||| FLEEEEING.
  1543 | D:2      | 1543 ||| FLEEEEING.
  1544 | D:2      | 1544 ||| FLEEEEING.
  1545 | D:2      | 1545 ||| FLEEEEING.
  1546 | D:2      | 1546 ||| FLEEEEING.
  1547 | D:2      | 1547 ||| FLEEEEING.
  1548 | D:2      | 1548 ||| FLEEEEING.
  1549 | D:2      | 1549 ||| FLEEEEING.
  1550 | D:2      | 1550 ||| FLEEEEING.
  1551 | D:2      | 1551 ||| FLEEEEING.
  1552 | D:2      | 1552 ||| FLEEEEING.
  1553 | D:2      | 1553 ||| FLEEEEING.
  1554 | D:2      | 1554 ||| FLEEEEING.
  1557 | D:2      | 1557 ||| FLEEEEING.
  1558 | D:2      | 1558 ||| FLEEEEING.
  1559 | D:2      | 1559 ||| FLEEEEING.
  1565 | D:2      | 1565 ||| FLEEEEING.
  1566 | D:2      | 1566 ||| FLEEEEING.
  1567 | D:2      | 1567 ||| FLEEEEING.
  1568 | D:2      | 1568 ||| FLEEEEING.
  1569 | D:2      | 1569 ||| FLEEEEING.
  1570 | D:2      | 1570 ||| FLEEEEING.
  1571 | D:2      | 1571 ||| FLEEEEING.
  1572 | D:2      | 1572 ||| FLEEEEING.
  1573 | D:2      | 1573 ||| STAIRDANCE
  1618 | D:1      | 1618 ||| UPGRADING to +0 buckler.
  1623 | D:1      | 1623 ||| READING scroll labelled EMUIDURCHEY.
  1624 | D:1      | 1624 ||| READING scroll labelled LENOEDE YVET.
  2051 | D:3      | 2051 ||| Stepping ~*~*~tactically~*~*~ (stealth).
  2053 | D:3      | 2053 ||| Stepping ~*~*~tactically~*~*~ (stealth).
  2058 | D:3      | HP: 2/21 [gnoll/+0 flail (6)]
  2058 | D:3      | Mangled by a gnoll

Levels and vault maps discovered:
D:1:      ncdulo_lavacross, layout_basic, shapermc_ecumenical_altar_pompeii,
          minmay_tetromino_l4
D:2:      layout_basic, basic_altar
D:3:      layout_basic, dilly_guarded_unrand_morg

Skill      XL: |  1  2  3 |
---------------+----------+-----
Axes           | 3 4 |  4.3
Fighting       | |  2.0
Throwing       | |  1.0
Armour         | |  1.1
Dodging        | |  2.1
Shields        | |  0.2
Spellcasting   | |  2.0
Translocations | |  2.4

Action                   || total
-------------------------++-------
Melee: Hand axe          ||    58
       Kick              ||    15
       Peck              ||     4
       War axe           ||    12
       Punch             ||     1
Throw: Boomerang         ||     8
  Use: Scroll            ||     5
Armor: Leather armour    ||     6
       Chain mail        ||    24
Dodge: Dodged            ||    20
Block: Buckler           ||     2

Table legend:
 A = Non-vault XP
 B = Vault XP
 C = Vault XP percentage of total XP
 D = Non-vault monster count
 E = Vault monster count
 F = Vault count percentage of total count
                 A         B        C        D         E       F
            +---------+---------+-------+---------+---------+-------
      Total |      65 |       3 |   4.4 |      30 |       2 |   6.2
            +---------+---------+-------+---------+---------+-------
        D:1 |      24 |       3 |  11.1 |      13 |       2 |  13.3
        D:2 |      41 |       0 |   0.0 |      17 |       0 |   0.0
            +---------+---------+-------+---------+---------+-------
